TOP OF THE 1ST |
University of South Carolina Gamecocks batting - Pitching for Fresno State University Bulldogs : LHP Alfredo Carranza
|
Pitching: LHP Alfredo Carranza
|
|
Batting: SHB Willie Medina
|
0-0: Ball 1-0: Foul Ball, location: 2F 1-1: Ground out 4-3 (Groundball, 4, EV 91.3 MPH)
|
Batting: RHB Jake Geib
|
0-0: Ball 1-0: Ball 2-0: Foul Ball, location: 2F 2-1: Swinging Strike 2-2: Strikes out swinging
|
Batting: RHB Kevin Harris
|
0-0: Ball 1-0: Ball 2-0: Ground out 5-3 (Groundball, 56, EV 83.8 MPH)
|
Top of the 1st over - 0 runs, 0 hits, 0 errors, 0 left on base; University of South Carolina 0 - Fresno State University 0 |
BOTTOM OF THE 1ST |
Fresno State University Bulldogs batting - Pitching for University of South Carolina Gamecocks : RHP Jim Sanders
|
Pitching: RHP Jim Sanders
|
|
Batting: LHB Vinny Rivera
|
0-0: Called Strike 0-1: Ball 1-1: Foul Ball, location: 2F 1-2: DOUBLE (Flyball, 8RXD, EV 91.9 MPH)
|
Batting: LHB Mike Roberts
|
0-0: Ball 1-0: Called Strike 1-1: Ball 2-1: Ball 3-1: Foul Ball, location: 2F 3-2: Base on Balls
|
Batting: RHB Tommy Tracy
|
0-0: Fly out, F8 (Flyball, 78XD, EV 76.3 MPH) Runner from 2nd tags up, SAFE at 3rd, no throw by CF
|
Batting: RHB Todd Vanasco
|
0-0: Swinging Strike 0-1: Ball 1-1: Foul Ball, location: 2F 1-2: Foul Ball, location: 2F 1-2: Foul Ball, location: 2F 1-2: Fielders Choice at 2nd, 5-4 (Groundball, 56, EV 91.3 MPH) Vinny Rivera scores
|
Batting: RHB Wali Mulogo
|
0-0: Ball Todd Vanasco steals 2nd base 1-0: Ball 2-0: Called Strike 2-1: Foul Ball, location: 2F 2-2: Ground out 4-3 (Groundball, 4, EV 80.6 MPH)
|
Bottom of the 1st over - 1 run, 1 hit, 0 errors, 1 left on base; University of South Carolina 0 - Fresno State University 1 |
TOP OF THE 2ND |
University of South Carolina Gamecocks batting - Pitching for Fresno State University Bulldogs : LHP Alfredo Carranza
|
Batting: LHB Adam Hill
|
0-0: Ball 1-0: Called Strike 1-1: Ball 2-1: SINGLE (Line Drive, 78M, EV 93.1 MPH)
|
Batting: RHB Mike McElroy
|
0-0: Fly out, F9 (Line Drive, 9D, EV 92.5 MPH)
|
Batting: RHB Dave Perron
|
0-0: Foul Ball, location: 2F 0-1: Ball 1-1: Ball 2-1: Foul Ball, location: 2F 2-2: Foul Ball, location: 2F 2-2: Ball 3-2: Grounds into double play, 5-4-3 (Groundball, 56, EV 88.8 MPH)
|
Top of the 2nd over - 0 runs, 1 hit, 0 errors, 0 left on base; University of South Carolina 0 - Fresno State University 1 |
BOTTOM OF THE 2ND |
Fresno State University Bulldogs batting - Pitching for University of South Carolina Gamecocks : RHP Jim Sanders
|
Batting: RHB Phil Hamby
|
0-0: Called Strike 0-1: Called Strike 0-2: Ball 1-2: Foul Ball, location: 2F 1-2: Foul Ball, location: 2F 1-2: Ground out 1-3 (Groundball, 13, EV 69.4 MPH)
|
Batting: RHB Andrew Pride
|
0-0: Ball 1-0: Foul Ball, location: 2F 1-1: Ball 2-1: Called Strike 2-2: Strikes out swinging
|
Batting: RHB Ryan Miller
|
0-0: Ball 1-0: Called Strike 1-1: Ball 2-1: Foul Ball, location: 2F 2-2: Foul Ball, location: 2F 2-2: Ground out 1-3 (Groundball, 34S, EV 65.0 MPH)
|
Bottom of the 2nd over - 0 runs, 0 hits, 0 errors, 0 left on base; University of South Carolina 0 - Fresno State University 1 |
TOP OF THE 3RD |
University of South Carolina Gamecocks batting - Pitching for Fresno State University Bulldogs : LHP Alfredo Carranza
|
Batting: SHB Isaiah Scates
|
0-0: Called Strike 0-1: Ground out 5-3 (Groundball, 5, EV 80.0 MPH)
|
Batting: RHB Chris Arroyo
|
0-0: Called Strike 0-1: Fly out, F7 (Line Drive, 7D, EV 98.8 MPH)
|
Batting: SHB Carlos Carrillo
|
0-0: Called Strike 0-1: Ground out 4-3 (Groundball, 4S, EV 86.3 MPH)
|
Top of the 3rd over - 0 runs, 0 hits, 0 errors, 0 left on base; University of South Carolina 0 - Fresno State University 1 |
BOTTOM OF THE 3RD |
Fresno State University Bulldogs batting - Pitching for University of South Carolina Gamecocks : RHP Jim Sanders
|
Batting: RHB Tsugio Yamaguchi
|
0-0: Ground out 4-3 (Groundball, 4, EV 80.0 MPH)
|
Batting: LHB Vinny Rivera
|
0-0: Ball 1-0: Ball 2-0: Called Strike 2-1: SINGLE (Line Drive, 7LS, EV 103.1 MPH)
|
Batting: LHB Mike Roberts
|
0-0: Ball 1-0: Called Strike 1-1: Ball 2-1: DOUBLE (Line Drive, 8RD, EV 105.0 MPH) Vinny Rivera to third
|
Batting: RHB Tommy Tracy
|
0-0: Swinging Strike 0-1: Foul Ball, location: 2F 0-2: Ball 1-2: Ball 2-2: Ball 3-2: Strikes out swinging
|
Batting: RHB Todd Vanasco
|
0-0: Swinging Strike 0-1: Foul Ball, location: 2F 0-2: Foul Ball, location: 2F 0-2: Ball 1-2: Foul Ball, location: 2F 1-2: Ball 2-2: Ball Wild Pitch! Vinny Rivera scores Mike Roberts to third 3-2: DOUBLE (Line Drive, 89D, EV 101.9 MPH) Mike Roberts scores
|
Batting: RHB Wali Mulogo
|
0-0: Called Strike 0-1: Foul Ball, location: 2F 0-2: Ball 1-2: Ground out 6-3 (Groundball, 6, EV 92.5 MPH)
|
Bottom of the 3rd over - 2 runs, 3 hits, 0 errors, 1 left on base; University of South Carolina 0 - Fresno State University 3 |
TOP OF THE 4TH |
University of South Carolina Gamecocks batting - Pitching for Fresno State University Bulldogs : LHP Alfredo Carranza
|
Batting: SHB Willie Medina
|
0-0: Called Strike 0-1: Called Strike 0-2: Ball 1-2: Ground out 3-1 (Groundball, 34, EV 80.6 MPH)
|
Batting: RHB Jake Geib
|
0-0: Foul Ball, location: 2F 0-1: Foul Ball, location: 2F 0-2: Ball 1-2: Ball 2-2: Ball 3-2: SINGLE (Line Drive, 7S, EV 98.8 MPH)
|
Batting: RHB Kevin Harris
|
0-0: Fly out, F8 (Flyball, 78D, EV 83.1 MPH)
|
Batting: LHB Adam Hill
|
0-0: Ball 1-0: Ground out 4-3 (Groundball, 4, EV 102.5 MPH)
|
Top of the 4th over - 0 runs, 1 hit, 0 errors, 1 left on base; University of South Carolina 0 - Fresno State University 3 |
BOTTOM OF THE 4TH |
Fresno State University Bulldogs batting - Pitching for University of South Carolina Gamecocks : RHP Jim Sanders
|
Batting: RHB Phil Hamby
|
0-0: Called Strike 0-1: Ball 1-1: Foul Ball, location: 2F 1-2: Ground out 6-3 (Groundball, 6, EV 110.0 MPH)
|
Batting: RHB Andrew Pride
|
0-0: Ball 1-0: Ball 2-0: Called Strike 2-1: Fly out, F7 (Flyball, 7S, EV 65.6 MPH)
|
Pitching: RHP George Crousse
|
|
Batting: RHB Ryan Miller
|
0-0: Called Strike 0-1: Ball 1-1: Fly out, F8 (Flyball, 8LXD, EV 105.0 MPH)
|
Bottom of the 4th over - 0 runs, 0 hits, 0 errors, 0 left on base; University of South Carolina 0 - Fresno State University 3 |
TOP OF THE 5TH |
University of South Carolina Gamecocks batting - Pitching for Fresno State University Bulldogs : LHP Alfredo Carranza
|
Batting: RHB Mike McElroy
|
0-0: Fly out, F6 (Popup, 6M, EV 57.5 MPH)
|
Batting: RHB Dave Perron
|
0-0: Ball 1-0: Ball 2-0: Called Strike 2-1: SINGLE (Line Drive, 7S, EV 98.8 MPH)
|
Batting: SHB Isaiah Scates
|
0-0: Called Strike 0-1: Foul Ball, location: 2F 0-2: Ball Wild Pitch! Dave Perron to second 1-2: Strikes out swinging
|
Batting: RHB Chris Arroyo
|
0-0: Called Strike 0-1: Swinging Strike 0-2: Ball 1-2: Foul Ball, location: 2F 1-2: DOUBLE (Line Drive, 89M, EV 108.1 MPH) Dave Perron scores
|
Batting: SHB Carlos Carrillo
|
0-0: Called Strike 0-1: Fly out, F8 (Flyball, 8RD, EV 98.1 MPH)
|
Top of the 5th over - 1 run, 2 hits, 0 errors, 1 left on base; University of South Carolina 1 - Fresno State University 3 |
BOTTOM OF THE 5TH |
Fresno State University Bulldogs batting - Pitching for University of South Carolina Gamecocks : RHP George Crousse
|
Batting: RHB Tsugio Yamaguchi
|
0-0: Called Strike 0-1: SINGLE (Line Drive, 8RS, EV 106.3 MPH)
|
Batting: LHB Vinny Rivera
|
0-0: Called Strike 0-1: Foul Ball, location: 2F 0-2: Ball 1-2: Foul Ball, location: 2F 1-2: Strikes out swinging
|
Batting: LHB Mike Roberts
|
0-0: Fly out, F6 (Popup, 6MD, EV 46.9 MPH)
|
Batting: RHB Tommy Tracy
|
0-0: Fly out, F1 (Popup, P, EV 86.3 MPH)
|
Bottom of the 5th over - 0 runs, 1 hit, 0 errors, 1 left on base; University of South Carolina 1 - Fresno State University 3 |
TOP OF THE 6TH |
University of South Carolina Gamecocks batting - Pitching for Fresno State University Bulldogs : LHP Alfredo Carranza
|
Batting: SHB Willie Medina
|
0-0: Ball 1-0: Ball 2-0: Foul Ball, location: 2F 2-1: Called Strike 2-2: Foul Ball, location: 2F 2-2: Ball 3-2: Base on Balls
|
Batting: RHB Jake Geib
|
0-0: Ball 1-0: Ball 2-0: Ball 3-0: Called Strike 3-1: Base on Balls Willie Medina to second
|
Batting: RHB Kevin Harris
|
0-0: Called Strike 0-1: Fly out, F7 (Flyball, 78D, EV 103.1 MPH)
|
Batting: LHB Adam Hill
|
0-0: Ball 1-0: Ball 2-0: Fly out, F8 (Flyball, 8RM, EV 93.1 MPH)
|
Batting: RHB Mike McElroy
|
0-0: Ball 1-0: Ball 2-0: Called Strike 2-1: Foul Ball, location: 2F 2-2: Ball 3-2: SINGLE (Groundball, 56S, EV 64.4 MPH) (infield hit) Willie Medina to third Jake Geib to second
|
Pitching: RHP Wally Dethridge
|
|
Batting: RHB Dave Perron
|
0-0: Foul Ball, location: 2F 0-1: Ball 1-1: Called Strike 1-2: Ground out 4-3 (Groundball, 4, EV 97.5 MPH)
|
Top of the 6th over - 0 runs, 1 hit, 0 errors, 3 left on base; University of South Carolina 1 - Fresno State University 3 |
BOTTOM OF THE 6TH |
Fresno State University Bulldogs batting - Pitching for University of South Carolina Gamecocks : RHP George Crousse
|
Batting: RHB Todd Vanasco
|
0-0: Ball 1-0: Ground out 6-3 (Groundball, 6MD, EV 85.6 MPH)
|
Batting: RHB Wali Mulogo
|
0-0: Ball 1-0: Foul Ball, location: 2F 1-1: Ball 2-1: Ground out 5-3 (Groundball, 56S, EV 85.0 MPH)
|
Batting: RHB Phil Hamby
|
0-0: Ball 1-0: Ball 2-0: SOLO HOME RUN (Flyball, 78XD, EV 103.1 MPH), Distance : 403 ft
|
Batting: RHB Andrew Pride
|
0-0: Called Strike 0-1: Ball 1-1: Foul Ball, location: 2F 1-2: Ground out 3-1 (Groundball, 34, EV 86.3 MPH)
|
Bottom of the 6th over - 1 run, 1 hit, 0 errors, 0 left on base; University of South Carolina 1 - Fresno State University 4 |
TOP OF THE 7TH |
University of South Carolina Gamecocks batting - Pitching for Fresno State University Bulldogs : RHP Wally Dethridge
|
Batting: SHB Isaiah Scates
|
0-0: Ball 1-0: Called Strike 1-1: Called Strike 1-2: Ball 2-2: Ball 3-2: Base on Balls
|
Pinch Hitting: RHB Kenny Thissen
|
0-0: Ball 1-0: Called Strike 1-1: Foul Ball, location: 2F 1-2: Foul Ball, location: 2F 1-2: Ball 2-2: Foul Ball, location: 2F 2-2: Fly out, F8 (Flyball, 8RD, EV 96.3 MPH)
|
Batting: SHB Carlos Carrillo
|
0-0: Foul Ball, location: 2F 0-1: Ball 1-1: Ball 2-1: Swinging Strike 2-2: Foul Ball, location: 2F 2-2: Ball 3-2: Grounds into double play, 5-4-3 (Groundball, 56, EV 91.3 MPH)
|
Top of the 7th over - 0 runs, 0 hits, 0 errors, 0 left on base; University of South Carolina 1 - Fresno State University 4 |
BOTTOM OF THE 7TH |
Fresno State University Bulldogs batting - Pitching for University of South Carolina Gamecocks : RHP George Crousse
|
Pitching: RHP Angel Pesina
|
|
Now at 3B: Adam Bourg
|
|
Batting: RHB Ryan Miller
|
0-0: Ground out 6-3 (Groundball, 6D, EV 95.0 MPH)
|
Batting: RHB Tsugio Yamaguchi
|
0-0: Ball 1-0: Fly out, F9 (Line Drive, 9S, EV 97.5 MPH)
|
Batting: LHB Vinny Rivera
|
0-0: DOUBLE (Flyball, 8LXD, EV 106.9 MPH)
|
Batting: LHB Mike Roberts
|
0-0: DOUBLE (Flyball, 78XD, EV 102.5 MPH) Vinny Rivera scores
|
Batting: RHB Tommy Tracy
|
0-0: Called Strike 0-1: Ball 1-1: Foul Ball, location: 2F 1-2: Ball 2-2: Strikes out looking
|
Bottom of the 7th over - 1 run, 2 hits, 0 errors, 1 left on base; University of South Carolina 1 - Fresno State University 5 |
TOP OF THE 8TH |
University of South Carolina Gamecocks batting - Pitching for Fresno State University Bulldogs : RHP Wally Dethridge
|
Pitching: RHP Manny Lebron
|
|
Batting: SHB Willie Medina
|
0-0: Ball 1-0: Ground out 5-3 (Groundball, 5, EV 86.9 MPH)
|
Batting: RHB Jake Geib
|
0-0: Called Strike 0-1: Ball 1-1: Ground out 6-3 (Groundball, 6, EV 81.9 MPH)
|
Batting: RHB Kevin Harris
|
0-0: Foul Ball, location: 2F 0-1: Ball 1-1: Ground out 5-3 (Groundball, 56S, EV 89.4 MPH)
|
Top of the 8th over - 0 runs, 0 hits, 0 errors, 0 left on base; University of South Carolina 1 - Fresno State University 5 |
BOTTOM OF THE 8TH |
Fresno State University Bulldogs batting - Pitching for University of South Carolina Gamecocks : RHP Angel Pesina
|
Batting: RHB Todd Vanasco
|
0-0: SOLO HOME RUN (Flyball, 78XD, EV 105.6 MPH), Distance : 424 ft
|
Batting: RHB Wali Mulogo
|
0-0: Called Strike 0-1: Ball 1-1: Ball 2-1: Ball 3-1: Called Strike 3-2: Base on Balls
|
Batting: RHB Phil Hamby
|
0-0: Ball 1-0: Called Strike 1-1: Foul Ball, location: 2F 1-2: Foul Ball, location: 2F 1-2: Ball 2-2: Foul Ball, location: 2F 2-2: Fly out, F9 (Flyball, 9D, EV 109.4 MPH)
|
Batting: RHB Andrew Pride
|
0-0: Foul Ball, location: 2F 0-1: Fielders Choice at 2nd, 5-4 (Groundball, 56, EV 85.0 MPH)
|
Batting: RHB Ryan Miller
|
0-0: Ball 1-0: Called Strike 1-1: Swinging Strike 1-2: Ball 2-2: Foul Ball, location: 2F 2-2: Strikes out swinging
|
Bottom of the 8th over - 1 run, 1 hit, 0 errors, 1 left on base; University of South Carolina 1 - Fresno State University 6 |
TOP OF THE 9TH |
University of South Carolina Gamecocks batting - Pitching for Fresno State University Bulldogs : RHP Manny Lebron
|
Batting: LHB Adam Hill
|
0-0: Ball 1-0: Fly out, F9 (Flyball, 9D, EV 91.3 MPH)
|
Batting: RHB Mike McElroy
|
0-0: Ground out 2-3 (Groundball, 13S, EV 61.9 MPH)
|
Batting: RHB Dave Perron
|
0-0: Ball 1-0: Ball 2-0: Swinging Strike 2-1: Ball 3-1: Base on Balls
|
Batting: SHB Isaiah Scates
|
0-0: Ball 1-0: Called Strike 1-1: Foul Ball, location: 2F 1-2: Ground out 4-3 (Groundball, 4D, EV 101.3 MPH)
|
Top of the 9th over - 0 runs, 0 hits, 0 errors, 1 left on base; University of South Carolina 1 - Fresno State University 6 |
|